 Dungeon Crawl Stone Soup version 0.25.1-2-g60ff931df9 (webtiles) character file.

Game seed: 1413406574232667147

20840 moonlapse the Carver (level 12, -4/112 HPs)
             Began as a Green Draconian Assassin on Oct 10, 2020.
             Was the Champion of Okawaru.
             Slain by a hog (8 damage)
             ... led by Kirke
             ... on level 12 of the Dungeon on Oct 24, 2020.
             The game lasted 00:36:35 (17406 turns).

moonlapse the Carver (Green Draconian Assassin)    Turns: 17406, Time: 00:36:35

Health: -4/112     AC:  0    Str: 13    XL:     12   Next: 48%
Magic:  12/12      EV: 13    Int: 16    God:    Okawaru [******]
Gold:   328        SH:  0    Dex: 12    Spells: 11/11 levels left

rFire    . . .     SeeInvis .   (weapon currently unavailable)
rCold    . . .     Gourm    .   (shield currently unavailable)
rNeg     . . .     Faith    .   (armour unavailable)
rPois    .         Spirit   .   (helmet currently unavailable)
rElec    .         Reflect  .   (cloak currently unavailable)
rCorr    .         Harm     .   (gloves currently unavailable)
MR       .....                  (boots currently unavailable)
Stlth    ++........             S - amulet of magic regeneration
HPRegen  0.28/turn              (ring currently unavailable)
MPRegen  0.38/turn              (ring currently unavailable)

@: pig-form, flying, very slightly contaminated, slowed
A: small, (breathe noxious fumes), unfitting armour, clumsy 1, subdued magic 1,
AC +8
a: Heroism, Finesse, Renounce Religion


You were on level 12 of the Dungeon.
You worshipped Okawaru.
Okawaru was exalted by your worship.
You were not hungry.
You were a filthy swine.
You visited 2 branches of the dungeon, and saw 13 of its levels.
You also visited: Ossuary.

You collected 940 gold pieces.
You spent 612 gold pieces at shops.

Inventory:

Hand Weapons
 a - the +11 long sword "Bafraeme" (melded) {vorpal, rF++ rC- Dex+6}
   (You found it on level 5 of the Dungeon)

   It inflicts extra damage upon your enemies.
   It affects your dexterity (+6).
   It greatly protects you from fire.
   It makes you vulnerable to cold.
 b - a +1 scimitar of flaming
   (You took it off Erica on level 11 of the Dungeon)
Missiles
 d - 3 poisoned darts (quivered)
 w - 13 boomerangs
 T - 3 silver javelins
Armour
 c - a +0 pair of boots (melded)
   (You found it on level 1 of the Dungeon)
 v - a cursed +0 kite shield (melded)
   (You found it on level 9 of the Dungeon)
 A - a +2 cloak (melded)
 D - the +0 pair of gloves "Pehezxay" (melded) {rElec Str-2 Dex+3 SInv}
   (You found it on level 6 of the Dungeon)

   It affects your strength (-2).
   It affects your dexterity (+3).
   It insulates you from electricity.
   It lets you see invisible.
Magical Staves
 m - an uncursed staff of fire {unknown}
   (You found it on level 11 of the Dungeon)
Jewellery
 k - an uncursed ring of resist corrosion
   (You found it on level 5 of the Dungeon)
 o - a +6 ring of strength {unknown}
   (You found it on level 10 of the Dungeon)
 F - a +6 ring of dexterity
   (You took it off a gnoll on level 6 of the Dungeon)
 G - an uncursed ring of ice {rC+, rF-}
   (You found it on level 8 of the Dungeon)
 Q - a +4 ring of protection (melded)
   (You bought it in a shop on level 9 of the Dungeon)
 R - a ring of see invisible (melded) {sInv, !d}
   (You bought it in a shop on level 9 of the Dungeon)
 S - an amulet of magic regeneration (around neck)
   (You found it on level 9 of the Dungeon)
Wands
 l - a wand of enslavement (7)
   (You found it on level 8 of the Dungeon)
 r - a wand of clouds (4)
   (You found it on level 4 of the Dungeon)
 y - a wand of acid (12)
   (You found it on level 4 of the Dungeon)
 E - a wand of iceblast (9)
   (You found it on level 6 of the Dungeon)
 J - a wand of polymorph (10)
   (You took it off an orc warrior on level 11 of the Dungeon)
 L - a wand of flame (18)
   (You found it on level 11 of the Dungeon)
 O - a wand of digging (6)
   (You found it on level 9 of the Dungeon)
Scrolls
 e - 7 scrolls of teleportation
 g - a scroll of enchant weapon
 h - 8 scrolls of remove curse
 p - 5 scrolls of fear
 t - 4 scrolls of enchant armour
 u - a scroll of blinking {!r}
 C - 2 scrolls of amnesia
 H - 4 scrolls of identify
 K - 3 scrolls of fog
 M - 2 scrolls of magic mapping {!r}
 N - a scroll of silence
Potions
 i - 3 potions of flight {unknown}
 j - 2 potions of magic
 n - 7 potions of curing
 s - 2 potions of ambrosia
 z - a potion of heal wounds
 B - 5 potions of lignification {!q}
 I - 2 potions of brilliance
Miscellaneous
 P - a phial of floods (inert)
   (You found it on level 9 of the Dungeon)
Comestibles
 f - 26 rations


   Skills:
 - Level 12.1 Fighting
   Level 2.4(9.6) Short Blades
 - Level 13.9(14.0) Long Blades
 - Level 1.7 Throwing
 - Level 0.8 Dodging
 - Level 3.9 Stealth
 + Level 13.7 Shields


You had 11 spell levels left.
You didn't know any spells.
Your spell library contained the following spells:

 Spells                   Type           Power        Failure   Level  Hunger
 Animate Skeleton         Necr           N/A          22%         1    ##.....
 Pain                     Necr           #...         22%         1    ##.....
 Vampiric Draining        Necr           #.........   54%         3    ####...
 Animate Dead             Necr           N/A          92%         4    #####..
 Agony                    Necr           #.......     100%        5    ######.


Dungeon Overview and Level Annotations

Branches:
Dungeon (12/15)            Temple (1/1) D:7            Lair (0/6) D:9
    Orc (0/2) D:9         Ossuary (visited)

Altars:
Ashenzari
Cheibriados
Dithmenos
Elyvilon
Fedhas
Gozag
Hepliaklqana
Kikubaaqudgha
Makhleb
Nemelex Xobeh
Okawaru
Qazlal
Ru
Sif Muna
Trog
Uskayaw
Vehumet
Wu Jian
Xom
Yredelemnul
Zin
The Shining One
Beogh

Shops:
D:7 (   D:9 =   D:10 *

Annotations:
D:8 3 runed translucent doors, Terekolden2's ghost, novice MiBe
D:11 2 runed translucent doors
D:12 Kirke


Innate Abilities, Weirdness & Mutations

((You can breathe blasts of noxious fumes.))
((Your lurid green scales are hard. (AC +8)))
You cannot fit into any form of body armour.
((Your system is resistant to poisons. (rPois)))
((You are cold-blooded and may be slowed by cold attacks.))
((Your large and strong wings let you fly indefinitely.))
You are clumsy. (Dex -2)
((Your flesh is cold resistant. (rC+)))
Your spells are a little easier to cast, but a little less powerful.


Message History

A hog comes into view.
Kirke shouts!
You hear an angry squeal.
You have got your breath back.
You are feeling hungry.
You start waiting.
Eating a chunk of flesh {@w0@w0}.
You eat the chunk of flesh {@w0@w0}.
Kirke is too close now for your liking.
Throwing (i - inventory. (/) - cycle)
d - 4 poisoned darts (quivered)
Aim: Kirke You throw a poisoned dart.
The poisoned dart hits Kirke.
Kirke is poisoned.
You barely miss Kirke. Kirke gestures at you while chanting.
You feel yourself slow down.
Aim: Kirke (lightly wounded, poisoned)
You exhale a blast of noxious fumes.
The blast of choking fumes hits Kirke.
You feel somewhat more hungry.
Kirke is engulfed in noxious fumes.
Kirke hits you!
You take 7 damage, and have 105/112 hp.
You hit Kirke.
Kirke is engulfed in noxious fumes.
Kirke barely misses you.
You slash Kirke! You tail-slap Kirke.
You hear an angry squeal.
Kirke is engulfed in noxious fumes.
Kirke mumbles some strange words.
Kirke summons a lindwurm!
You hear an angry squeal.
You slice Kirke!! You block Kirke's attack. The lindwurm bites you.
The lindwurm barely misses you.
The lindwurm claws you but does no damage.
You take 6 damage, and have 100/112 hp.
You barely miss Kirke. You tail-slap Kirke.
Kirke looks more healthy.
You block Kirke's attack. The lindwurm bites you! The lindwurm claws you. x2
Kirke hits you.
You take 29 damage, and have 71/112 hp.
MASSIVE DAMAGE!!
You slash Kirke!
A hog comes into view. x2
You block the lindwurm's attack. x2
The lindwurm claws you but does no damage.
Kirke hits you but does no damage.
The hog squeals angrily.
You slice Kirke!! You tail-slap Kirke, but do no damage.
You block the lindwurm's attack. The lindwurm barely misses you.
The lindwurm claws you but does no damage.
Kirke barely misses you.
You riposte.
You closely miss Kirke.
Your tail-slap misses Kirke.
You slash Kirke!
A hog comes into view.
You block the lindwurm's attack. x2; The lindwurm claws you.
Kirke hits you but does no damage.
You take 2 damage, and have 70/112 hp.
You barely miss Kirke.
The lindwurm bites you but does no damage.
You block the lindwurm's attack.
The lindwurm claws you but does no damage.
Kirke gestures at you while chanting.
You turn into a filthy swine.
The +11 long sword "Bafraeme" {vorpal, rF++ rC- Dex+6} melds into your body.
Your +2 cloak melds into your body.
The +0 pair of gloves "Pehezxay" {rElec Str-2 Dex+3 SInv} melds into your body.
Your +0 pair of boots melds into your body.
Your cursed +0 kite shield melds into your body.
Your +4 ring of protection melds into your body.
Your ring of see invisible {sInv, !d} melds into your body.
You barely miss Kirke. The lindwurm bites you. The lindwurm claws you.
The lindwurm barely misses you.
Kirke casts a spell.
Kirke flickers and vanishes!
Deactivating autopickup; reactivate with Ctrl-A.
You take 8 damage, and have 62/112 hp.
You closely miss something. The lindwurm bites you!! The lindwurm misses you.
The lindwurm closely misses you. Something hits you!
* * * LOW HITPOINT WARNING * * *
You take 33 damage, and have 29/112 hp.
MASSIVE DAMAGE!!
Really read
u - 2 scrolls of blinking {!r}?
Blink to where?
You are very lightly contaminated with residual magic.
As you read the scroll of blinking {!r}, it crumbles to dust.
The hog barely misses you. The hog bites you!
* * * LOW HITPOINT WARNING * * *
You see here 4 arrows.
You take 7 damage, and have 24/112 hp.
The hog misses you.
Things that are here:
a +0 shortbow; 9 arrows You have got your breath back.
The hog bites you!
* * * LOW HITPOINT WARNING * * *
You take 13 damage, and have 12/112 hp.
You see here a long sword.
The hog barely misses you. The hog bites you!
* * * LOW HITPOINT WARNING * * *
You take 10 damage, and have 3/112 hp.
Something summons a manticore!
You hear an angry squeal.
There is a stone staircase leading up here.
The hog bites you!
You die...

##.##.####.#...###
#.....# #.##..# #..####
#.....# #..# #<##..#
#..#######.##..#
#..........##..#
####.########.##...
#....# #...##.### #.####
#.####h# #.# #.# #h# #
#.# #.# #k# .# #.#
###.####h###.# #)#
#............#.# #.#
#.#.##..H......#
#.#######.#.##..)......#
#.[.......#.##...#####.#
###########.###.## #


You could see a manticore (summoned), a lindwurm (summoned) and 2 hogs.

Vanquished Creatures
  3 hydras
  4 two-headed ogres
  Erica (D:11)
  A death knight (D:10)
  The ghost of Fractals the Skirmisher, a novice DsWn of Okawaru (D:9)
  An orc knight (D:11)
  An ugly thing (D:10)
  A manticore (D:11)
  6 gargoyles (D:12)
  A komodo dragon (D:9)
  A freezing wraith (D:11)
  A meliai (D:11)
  A queen bee (D:9)
  2 hornets (D:9)
  4 trolls
  3 hippogriffs
  Sigmund (D:2)
  A spriggan (D:10)
  Eustachio (D:4)
  2 hungry ghosts
  3 wyverns (D:11)
  A yak (D:10)
  Menkaure (D:7)
  A water moccasin (D:8)
  An acid dragon (D:12)
  Duvessa (D:4)
  5 orc warriors
  5 ice beasts
  A swamp drake (D:9)
  6 sky beasts
  2 ogres (D:9)
  2 phantoms
  5 centaurs
  2 crocodiles
  2 big kobolds
  7 bullfrogs
  Dowan (D:4)
  5 scorpions
  21 killer bees
  8 wights (D:9)
  8 howler monkeys
  A bullfrog zombie (D:5)
  6 crimson imps
  6 hounds
  2 centaur zombies
  Crazy Yiuf (D:2)
  5 jellies
  A centaur skeleton (D:11)
  10 orc priests
  2 bullfrog skeletons
  4 iguanas
  11 orc wizards
  8 worker ants
  Natasha (D:1)
  A killer bee zombie (D:9)
  A big kobold zombie (Ossuary)
  A hound zombie (D:8)
  9 mummies
  9 gnolls
  12 adders
  4 shadow imps
  2 oozes
  An adder zombie (D:8)
  A dart slug (D:4)
  10 leopard geckos
  43 orcs
  5 giant cockroaches
  12 goblins
  14 hobgoblins
  3 jackals
  8 quokkas
  3 ball pythons
  7 bats
  5 frilled lizards
  A gnoll zombie (Ossuary)
  2 goblin zombies (D:4)
  2 hobgoblin zombies (Ossuary)
  A jackal skeleton (D:6)
  18 kobolds
  2 kobold zombies (Ossuary)
  2 orc zombies (Ossuary)
  A quokka zombie (D:5)
  21 rats
384 creatures vanquished.

Vanquished Creatures (collateral kills)
  An orc (D:5)
1 creature vanquished.

Vanquished Creatures (others)
  An orc wizard (D:5)
  5 plants (D:9)
6 creatures vanquished.

Grand Total: 391 creatures vanquished

Notes
Turn   | Place    | Note
-------+----------+-------------------------------------------
     0 | D:1      | moonlapse the Draconian Assassin began the quest for the
                  | Orb.
     0 | D:1      | Reached XP level 1. HP: 17/17 MP: 1/1
   228 | D:1      | Reached skill level 3 in Fighting
   286 | D:1      | Reached XP level 2. HP: 26/26 MP: 2/2
   657 | D:1      | Reached skill level 4 in Fighting
   657 | D:1      | Reached XP level 3. HP: 21/33 MP: 3/3
  1372 | D:2      | HP: 7/34 [gnoll/+0 spear (9)]
  1375 | D:2      | Reached XP level 4. HP: 5/41 MP: 4/4
  1771 | D:2      | Noticed Natasha
  1772 | D:2      | Noticed Sigmund
  1793 | D:2      | HP: 5/41 [Natasha/magic dart (6)]
  2049 | D:1      | Killed Natasha
  2150 | D:2      | Found a burning altar of Makhleb.
  2281 | D:2      | Reached skill level 5 in Fighting
  2295 | D:2      | Found a hazy altar of Hepliaklqana.
  2318 | D:2      | Killed Sigmund
  2318 | D:2      | Reached skill level 6 in Fighting
  2318 | D:2      | Reached XP level 5. HP: 29/51 MP: 5/5
  2318 | D:2      | Reached XP level 6. HP: 33/58 MP: 6/6
  2544 | D:2      | Found a runed translucent door.
  2545 | D:2      | Noticed Crazy Yiuf
  2562 | D:2      | HP: 14/58 [Crazy Yiuf/+3 quarterstaff of chaos (4)]
  2565 | D:2      | Killed Crazy Yiuf
  3117 | D:3      | Reached skill level 7 in Fighting
  3270 | D:3      | Noticed an orc warrior
  4198 | D:4      | Noticed Eustachio
  4303 | D:4      | Found a basalt altar of Yredelemnul.
  4381 | D:4      | Found a stormy altar of Qazlal.
  4381 | D:4      | Noticed Duvessa
  4381 | D:4      | Noticed Dowan
  4500 | D:4      | Got a transparent mace
  4501 | D:4      | Identified the cursed +3 mace of Noupn {holy, Int+2} (You
                  | found it on level 4 of the Dungeon)
  4695 | D:4      | Found a sand-covered staircase.
  4702 | Ossuary  | Entered an ossuary
  4736 | Ossuary  | Reached skill level 8 in Fighting
  4741 | Ossuary  | Your scales start taking on a lurid green colour.
  4741 | Ossuary  | Reached XP level 7. HP: 22/68 MP: 7/7
  4741 | Ossuary  | Gained mutation: Your system is resistant to poisons.
                  | (rPois) [Green Draconian growth]
  4742 | Ossuary  | HP: 11/68 [mummy (7)]
  4748 | Ossuary  | HP: 17/102 [orc zombie (2)]
  5718 | D:4      | Killed Duvessa
  5718 | D:4      | Reached skill level 9 in Fighting
  5722 | D:4      | Killed Dowan
  5802 | D:4      | Found an iron altar of Okawaru.
  5898 | D:4      | Killed Eustachio
  5953 | D:5      | Entered Level 5 of the Dungeon
  5961 | D:5      | Reached skill level 10 in Fighting
  5961 | D:5      | Reached XP level 8. HP: 77/79 MP: 8/8
  6064 | D:5      | Found a shimmering altar of Xom.
  6416 | D:5      | Found an ornate altar of the Wu Jian Council.
  6420 | D:5      | Found an opulent altar of Gozag.
  6422 | D:5      | Found a shattered altar of Ashenzari.
  6455 | D:5      | Reached skill level 11 in Fighting
  6516 | D:5      | You fall into a shaft and drop 2 floors!
  6652 | D:6      | Got a pair of slimy gloves
  7110 | D:6      | Reached skill level 12 in Fighting
  7677 | D:5      | Got a bone long sword
  7678 | D:5      | Identified the +11 long sword "Bafraeme" {vorpal, rF++ rC-
                  | Dex+6} (You found it on level 5 of the Dungeon)
  7682 | D:5      | Found a shimmering blue altar of Sif Muna.
  7768 | D:5      | Reached skill level 1 in Long Blades
  7919 | D:5      | Found an ancient bone altar of Kikubaaqudgha.
  8031 | D:5      | Reached skill level 2 in Long Blades
  8038 | D:5      | Reached XP level 9. HP: 70/90 MP: 9/9
  8168 | D:5      | Identified the +0 pair of gloves "Pehezxay" {rElec Str-2
                  | Dex+3 SInv} (You found it on level 6 of the Dungeon)
  8432 | D:7      | Reached skill level 3 in Long Blades
  8492 | D:7      | Found a hide-covered altar of Uskayaw.
  8539 | D:7      | Reached skill level 4 in Long Blades
  8636 | D:7      | Found a staircase to the Ecumenical Temple.
  8642 | D:7      | Reached skill level 5 in Long Blades
  8645 | D:7      | Noticed Menkaure
  8653 | D:7      | Killed Menkaure
  8664 | Temple   | Entered the Ecumenical Temple
  8798 | D:7      | Reached skill level 6 in Long Blades
  8891 | D:4      | Became a worshipper of Warmaster Okawaru
  9212 | D:7      | Reached skill level 7 in Long Blades
  9345 | D:7      | Found Esteteol's Weapon Boutique.
  9519 | D:8      | Noticed a two-headed ogre
  9529 | D:8      | Killed a two-headed ogre
  9529 | D:8      | Reached skill level 8 in Long Blades
  9738 | D:8      | Noticed a two-headed ogre
  9753 | D:8      | Killed a two-headed ogre
  9753 | D:8      | Reached * piety under Okawaru
  9753 | D:8      | Reached skill level 9 in Long Blades
  9753 | D:8      | Reached XP level 10. HP: 49/97 MP: 10/10
  9937 | D:8      | Reached skill level 10 in Long Blades
 10193 | D:8      | Reached ** piety under Okawaru
 10895 | D:8      | Found a runed translucent gate.
 10896 | D:8      | Found a runed translucent gate.
 10897 | D:8      | Found a runed translucent gate.
 10897 | D:8      | Noticed Terekolden2's ghost (novice MiBe)
 10899 | D:8      | Identified the +4 battleaxe of Kiech {holy, *Corrode rPois
                  | MP+9 Str+8}
 10912 | D:8      | Found a roughly hewn altar of Beogh.
 11311 | D:9      | Found a transporter.
 11327 | D:9      | Noticed Fractals's ghost (novice DsWn)
 11408 | D:9      | Found a staircase to the Lair.
 11417 | D:9      | Reached skill level 11 in Long Blades
 11929 | D:9      | Found a transporter.
 11965 | D:9      | Found a blossoming altar of Fedhas.
 12441 | D:9      | Reached *** piety under Okawaru
 12441 | D:9      | Reached skill level 12 in Long Blades
 12483 | D:9      | Gained mutation: Your spells are a little easier to cast,
                  | but a little less powerful. [potion of mutation]
 12483 | D:9      | Gained mutation: You are clumsy. (Dex -2) [potion of
                  | mutation]
 12483 | D:9      | Gained mutation: Your large and strong wings let you fly
                  | indefinitely. [potion of mutation]
 12483 | D:9      | Gained mutation: Your flesh is cold resistant. (rC+)
                  | [potion of mutation]
 12490 | D:9      | Killed Fractals's ghost
 12490 | D:9      | Reached XP level 11. HP: 49/104 MP: 9/11
 12817 | D:9      | Reached skill level 1 in Shields
 12910 | D:9      | Found a sparkling altar of Nemelex Xobeh.
 12942 | D:9      | Found Varer's Jewellery Shoppe.
 12957 | D:9      | Bought a +4 ring of protection for 432 gold pieces
 12957 | D:9      | Bought an uncursed ring of see invisible for 180 gold
                  | pieces
 13000 | D:9      | Reached skill level 2 in Shields
 13002 | D:9      | Reached **** piety under Okawaru
 13121 | D:9      | Found a staircase to the Orcish Mines.
 13193 | D:9      | Reached skill level 3 in Shields
 13279 | D:10     | Entered Level 10 of the Dungeon
 13423 | D:10     | Reached skill level 4 in Shields
 13494 | D:10     | Noticed a death knight
 13534 | D:10     | Killed a death knight
 13534 | D:10     | Reached skill level 13 in Long Blades
 13534 | D:10     | Reached skill level 5 in Shields
 13833 | D:10     | Found a sacrificial altar of Ru.
 14019 | D:10     | Found Reash's Demolitions Depot.
 14097 | D:11     | Noticed a white ugly thing
 14105 | D:10     | Killed a white ugly thing
 14105 | D:10     | Reached skill level 6 in Shields
 14133 | D:10     | Reached ***** piety under Okawaru
 14133 | D:10     | Received a gift from Okawaru
 14172 | D:11     | Noticed a four-headed hydra
 14198 | D:10     | HP: 12/104 [four-headed hydra (17)]
 14204 | D:10     | Killed a four-headed hydra
 14204 | D:10     | Reached skill level 7 in Shields
 14744 | D:11     | Noticed Erica
 14764 | D:11     | Reached skill level 8 in Shields
 14781 | D:11     | Killed Erica
 15203 | D:11     | Noticed a two-headed ogre
 15210 | D:11     | Killed a two-headed ogre
 15210 | D:11     | Received a gift from Okawaru
 15210 | D:11     | Reached skill level 9 in Shields
 15289 | D:11     | Found a runed translucent door.
 15289 | D:11     | Noticed a two-headed ogre
 15318 | D:11     | Noticed an orc knight
 15391 | D:11     | Killed an orc knight
 15391 | D:11     | Reached skill level 10 in Shields
 15641 | D:11     | Reached XP level 12. HP: 111/112 MP: 12/12
 15711 | D:11     | Found a runed translucent door.
 15717 | D:11     | Noticed a two-headed ogre
 15733 | D:11     | Noticed an eight-headed hydra
 15737 | D:11     | Killed a two-headed ogre
 15756 | D:11     | Killed a five-headed hydra
 15756 | D:11     | Reached skill level 11 in Shields
 15760 | D:11     | Found the +11 plutonium sword {*Contam Stlth-}
 15827 | D:11     | Identified the cursed +1 chain mail "Weosuh" {Int+8}
 15924 | D:11     | Noticed a six-headed hydra
 15968 | D:11     | Killed a one-headed hydra
 15968 | D:11     | Reached skill level 12 in Shields
 16747 | D:12     | Reached skill level 13 in Shields
 16901 | D:12     | Reached ****** piety under Okawaru
 17182 | D:12     | Received a gift from Okawaru
 17361 | D:12     | Noticed Kirke
 17392 | D:12     | HP: 24/112 [hog[Kirke] (7)]
 17398 | D:12     | HP: 12/112 [hog[Kirke] (14)]
 17403 | D:12     | HP: 3/112 [hog[Kirke] (10)]
 17406 | D:12     | Slain by a hog

Illustrated notes

Levels and vault maps discovered:
D:1:      sevenhm_arrival_forest_fort_large_1, layout_basic, minmay_hexomino_c4
D:2:      layout_basic, nicolae_overflow_crystal_walls,
          overflow_temple_1_default, uniq_sigmund, uniq_natasha,
          uniq_crazy_yiuf_cottage
D:3:      layout_rooms
D:4:      layout_loops_ring, lemuel_coloured_pillars_altar,
          grunt_temple_overflow_open, nicolae_ossuary_entry_giza,
          portal_sewer_entry_e, minmay_goblin_kobold_house, uniq_duvessa,
          uniq_eustachio
D:5:      layout_basic, kiku_gazebo_pond_becter, overflow_temple_1_default,
          gammafunk_temple_overflow_forgotten, kennysheep_mini_moat,
          first_ration
D:6:      layout_loops_ring
D:7:      layout_basic, lemuel_round_altar, minmay_temple_entry_butterflies,
          serial_shops, kennysheep_mini, uniq_menkaure
D:8:      layout_layer_cave, enter_bailey_7, biasface_ghost_orc_armoury
D:9:      layout_loops_corners, lemuel_doored_altar, david_lair_shrubbed,
          erik_orc_1, serial_shops, shop_fountains, gammafunk_ghost_hive,
          nemelex_xobeh_ov_fountains_minmay
D:10:     layout_basic, basic_altar, grunt_pizzeria, minmay_misc_feat_iff,
          nicolae_blasting_shop
D:11:     minmay_the_grid_triangle_9x9_rhombus_full_mashed
          [minmay_the_grid_triangle_9x9_warning,
          minmay_the_grid_triangle_9x9_tough_junction,
          minmay_the_grid_triangle_9x9_zippers_horizontal,
          minmay_the_grid_triangle_9x9_negative_grid,
          minmay_the_grid_triangle_9x9_sparse_checkered,
          minmay_the_grid_triangle_9x9_pentomino_pain,
          minmay_the_grid_triangle_9x9_thin_v,
          minmay_the_grid_triangle_9x9_prize_center], layout_loops_ring,
          uniq_erica
D:12:     cheibrodos_statue_roulette, layout_loops_ring, serial_shops,
          nicolae_shop_window_shopping, lightli_corner_chamber, uniq_kirke
Temple:   kb_temple_of_zot

Skill      XL: |  1  2  3  4  5  6  7  8  9 10 11 12 |
---------------+-------------------------------------+-----
Fighting       | 3 4 6 8 10 12 | 12.1
Long Blades    | 2 9 12 13 | 13.9
Shields        | 10 13 | 13.7
Short Blades   | |  2.4
Throwing       | |  1.7
Dodging        | |  0.8
Stealth        | |  3.9

Action                   |  1- 3 |  4- 6 |  7- 9 | 10-12 || total
-------------------------+-------+-------+-------+-------++-------
Melee: Dagger            |   126 |   172 |   260 |    12 ||   570
       Tailslap          |    22 |    15 |    57 |    83 ||   177
       Unarmed           |       |     9 |       |     2 ||    11
       Mace              |       |    31 |    31 |       ||    62
       Long sword        |       |       |    90 |   477 ||   567
       Scimitar          |       |       |       |    11 ||    11
Throw: Dart              |    34 |     4 |     3 |   177 ||   218
       Javelin           |       |    51 |    63 |    35 ||   149
       Boomerang         |       |       |       |     2 ||     2
Invok: Heroism           |       |       |       |     3 ||     3
 Abil: Breathe Noxious F |       |       |     7 |    17 ||    24
       Fly               |       |       |       |     1 ||     1
Evoke: Wand              |       |       |       |     4 ||     4
       Phial of floods   |       |       |       |     1 ||     1
  Use: Scroll            |       |     8 |    10 |     8 ||    26
       Potion            |       |       |     2 |     4 ||     6
 Stab: Sleeping          |     2 |     3 |       |     2 ||     7
       Distracted        |     1 |     1 |     1 |     2 ||     5
       Confused          |       |       |     5 |    20 ||    25
       Invisible         |       |       |     1 |       ||     1
  Eat: Chunk             |     1 |    11 |    12 |    21 ||    45
       Ration            |       |       |     2 |     2 ||     4
Armor: Skin              |    45 |    58 |   141 |   161 ||   405
Dodge: Dodged            |    57 |    88 |   172 |   151 ||   468
Block: Kite shield       |       |       |       |   132 ||   132
       Rpst.: Long sword |       |       |    19 |    30 ||    49
       Scimitar          |       |       |       |     1 ||     1

Levels and vault maps discovered:
D:1:      sevenhm_arrival_forest_fort_large_1, layout_basic, minmay_hexomino_c4
D:2:      layout_basic, nicolae_overflow_crystal_walls,
          overflow_temple_1_default, uniq_sigmund, uniq_natasha,
          uniq_crazy_yiuf_cottage
D:3:      layout_rooms
D:4:      layout_loops_ring, lemuel_coloured_pillars_altar,
          grunt_temple_overflow_open, nicolae_ossuary_entry_giza,
          portal_sewer_entry_e, minmay_goblin_kobold_house, uniq_duvessa,
          uniq_eustachio
D:5:      layout_basic, kiku_gazebo_pond_becter, overflow_temple_1_default,
          gammafunk_temple_overflow_forgotten, kennysheep_mini_moat,
          first_ration
D:6:      layout_loops_ring
D:7:      layout_basic, lemuel_round_altar, minmay_temple_entry_butterflies,
          serial_shops, kennysheep_mini, uniq_menkaure
D:8:      layout_layer_cave, enter_bailey_7, biasface_ghost_orc_armoury
D:9:      layout_loops_corners, lemuel_doored_altar, david_lair_shrubbed,
          erik_orc_1, serial_shops, shop_fountains, gammafunk_ghost_hive,
          nemelex_xobeh_ov_fountains_minmay
D:10:     layout_basic, basic_altar, grunt_pizzeria, minmay_misc_feat_iff,
          nicolae_blasting_shop
D:11:     minmay_the_grid_triangle_9x9_rhombus_full_mashed
          [minmay_the_grid_triangle_9x9_warning,
          minmay_the_grid_triangle_9x9_tough_junction,
          minmay_the_grid_triangle_9x9_zippers_horizontal,
          minmay_the_grid_triangle_9x9_negative_grid,
          minmay_the_grid_triangle_9x9_sparse_checkered,
          minmay_the_grid_triangle_9x9_pentomino_pain,
          minmay_the_grid_triangle_9x9_thin_v,
          minmay_the_grid_triangle_9x9_prize_center], layout_loops_ring,
          uniq_erica
D:12:     cheibrodos_statue_roulette, layout_loops_ring, serial_shops,
          nicolae_shop_window_shopping, lightli_corner_chamber, uniq_kirke
Temple:   kb_temple_of_zot

Table legend:
 A = Turns spent in this place as a percentage of turns spent in the entire game.
 B = Non-inter-level travel turns spent in this place as a percentage of non-inter-level travel turns spent in the entire game.
 C = Inter-level travel turns spent in this place as a percentage of turns spent in this place.
 D = Turns resting spent in this place as a percentage of non-inter-level travel turns spent in this place.
 E = Turns spent auto-exploring this place as a percentage of non-inter-level travel turns spent in this place.
 F = Non-inter-level travel turns spent in this place divided by the number of levels of this place that you've seen.
                   A       B       C       D       E      F
               +-------+-------+-------+-------+-------+----------------------
         Total | 100.0 | 100.0 |   3.5 |  27.0 |  51.4 | 1199.8
       Dungeon |  95.4 |  95.4 |   3.5 |  26.3 |  52.1 | 1335.2
        Temple |   0.7 |   0.6 |  20.3 |   0.0 |  89.8 |  98.0
       Ossuary |   3.9 |   4.0 |   0.0 |  48.6 |  28.5 | 677.0
               +-------+-------+-------+-------+-------+----------------------

Table legend:
 A = Kills in this place as a percentage of kills in entire the game.
 B = Kills by you in this place as a percentage of kills by you in the entire game.
 C = Kills by friends in this place as a percentage of kills by friends in the entire game.
 D = Other kills in this place as a percentage of other kills in the entire game.
 E = Experience gained in this place as a percentage of experience gained in the entire game.
 F = Experience gained in this place divided by the number of levels of this place that you have seen.
                   A       B       C       D       E      F
               +-------+-------+-------+-------+-------+----------------------
         Total | 100.0 | 100.0 | 100.0 | 100.0 | 100.0 | 2126.6
       Dungeon |  95.9 |  95.8 | 100.0 | 100.0 |  99.4 | 2465.4
       Ossuary |   4.1 |   4.2 |   0.0 |   0.0 |   0.6 | 187.0
               +-------+-------+-------+-------+-------+----------------------
